AoeStats
← yellowbook

Hideout

503311900Analyzed
3v3 RM · 1mo ago on Aug 31, 2026· 34m 31s· 6 players
Game mode
Random Map
Map size
Normal (6 player)
Population
200
Speed
Normal
Resources
Standard
Victory
Conquest
Starting age
Dark Age
Ending age
Imperial Age
RankedLock teamsTeams togetherTeam positionsShared explorationLock speedFull tech treeHidden civsTurbo modeCheats
Victory
Defeat
🇲🇽 Malay · Mexico
1373
+15
🇺🇸 Saracens · United States
1364
+16
🇲🇽 Cumans · Mexico
1339
+17
🇨🇳 Persians · China
1409
-18
🇧🇷 Bulgarians · Brazil
1390
-17
🇹🇷 Magyars · Türkiye
1272
-12
The Cow. Muu
9:42 Feudal Age
9:28 Double-Bit Axe
11:25 Loom
13:40 Fletching
15:38 Wheelbarrow
14:52 Town Watch
18:46 Castle Age
17:32 Gold Mining
17:53 Horse Collar
18:21 Bodkin Arrow
19:52 Wheelbarrow
19:53 Crossbowman
21:39 Ballistics
22:14 Scale Barding Armor
25:02 Padded Archer Armor
27:22 Hand Cart
28:50 Husbandry
29:16 Bow Saw
29:45 Thumb Ring
36:33 Imperial Age
35:25 Leather Archer Armor
The Last Shadow
7:10 Loom
9:10 Feudal Age
9:54 Double-Bit Axe
12:51 Fletching
17:02 Loom
20:22 Castle Age
20:46 Crossbowman
22:31 Bodkin Arrow
23:16 Padded Archer Armor
26:39 Ballistics
28:59 Bow Saw
28:47 Horse Collar
31:34 Wheelbarrow
30:44 Town Watch
36:11 Imperial Age
34:49 Thumb Ring
[NC] Neuilly
7:18 Loom
9:39 Feudal Age
11:30 Double-Bit Axe
13:21 Horse Collar
23:16 Wheelbarrow
25:17 Castle Age
23:39 Forging
23:25 Gold Mining
26:56 Bow Saw
30:08 Imperial Age
28:23 Iron Casting
28:40 Scale Barding Armor
28:47 Heavy Plow
29:08 Bloodlines
29:22 Steppe Husbandry
31:14 Gold Shaft Mining
30:19 Cavalier
31:26 Chain Barding Armor
32:42 Plate Barding Armor
36:01 Blast Furnace
PsyQuart
9:55 Feudal Age
11:25 Loom
14:58 Castle Age
13:20 Double-Bit Axe
13:44 Horse Collar
15:25 Fletching
15:36 Padded Archer Armor
17:24 Gold Mining
20:25 Bodkin Arrow
22:34 Bow Saw
24:04 Ballistics
27:49 Bloodlines
29:00 Heavy Plow
29:24 Husbandry
32:04 Thumb Ring
Tabosa
9:04 Feudal Age
10:52 Loom
13:17 Scale Mail Armor
13:27 Forging
15:36 Arson
16:34 Fletching
20:11 Wheelbarrow
23:26 Castle Age
22:00 Double-Bit Axe
21:56 Horse Collar
22:26 Scale Barding Armor
22:28 Gold Mining
23:56 Bloodlines
25:00 Bow Saw
25:16 Chain Barding Armor
24:57 Husbandry
26:03 Iron Casting
26:05 Heavy Plow
30:43 Hand Cart
32:16 Gold Shaft Mining
31:31 Stone Mining
32:35 Stone Mining
yellowbook
10:42 Feudal Age
12:32 Loom
13:03 Horse Collar
15:33 Castle Age
13:33 Double-Bit Axe
23:54 Wheelbarrow
24:13 Heavy Plow
24:25 Bow Saw
25:06 Town Watch
27:44 Fletching
30:00 Hand Cart
30:12 Gold Mining
34:30 Imperial Age
33:13 Gold Shaft Mining
Connection lost

Rejoining the realm…

Still unreachable

The connection could not be restored.

Session expired

The server has moved on; the page needs a fresh start.